 Dungeon Crawl Stone Soup version 0.31-a0-300-g4ac5daa9c1 (webtiles) character file.

Game seed: 15193988616780223599

502 Crownlay the Trooper (level 7, -7/56 HPs)
             Began as a Djinni Fire Elementalist on July 16, 2023.
             Was an Initiate of Gozag.
             Mangled by an ogre
             ... wielding a +0 giant club
              (21 damage)
             ... on level 4 of the Dungeon.
             The game lasted 00:10:59 (3846 turns).

Crownlay the Trooper (Djinni Fire Elementalist)     Turns: 3846, Time: 00:11:00

Health: -7/56      AC: 11    Str:  7    XL:     7   Next: 40%
Gold:   409        EV: 12    Int: 18    God:    Gozag SH:  0 Dex: 14

rFire   + + .        i - +1 spear
rCold   x x .        (no shield)
rNeg    . . .        w - +1 robe of Resourcefulness {rElec rPois rC- Slay+3}
rPois   ∞            d - +0 helmet
rElec   +            f - +0 cloak
rCorr   .            (no gloves)
SInv    .            (boots unavailable)
Will    .....        (no amulet)
Stlth   ++           (no ring)
HPRegen 0.29/turn    (no ring)
MPRegen 0.00/turn

%: infuse magic (-8 HP)
@: ice-armoured, flying
A: sickness immunity, fire resistance 2, cold vulnerability 1, float, innate
caster, HP casting, extra vitality 1
a: Renounce Religion, Potion Petition, Call Merchant, Bribe Branch


You were on level 4 of the Dungeon.
You worshipped Gozag.
Gozag was aware of your devotion.
You visited 1 branch of the dungeon, and saw 4 of its levels.

You collected 494 gold pieces.
You paid 85 gold pieces to Gozag.

Inventory:

Hand Weapons
 i - a +1 spear (weapon)
Missiles
 h - 2 throwing nets
Armour
 d - a +0 helmet (worn)
 f - a +0 cloak (worn)
 w - the +1 robe of Resourcefulness (worn) {rElec rPois rC- Slay+3}
   (You found it on level 4 of the Dungeon)

   Slay:      It affects your accuracy & damage with ranged weapons and melee
   (+3).
   rC:        It makes you vulnerable to cold.
   rElec:     It insulates you from electricity.
   rPois:     It protects you from poison.
Wands
 p - a wand of roots (9)
Scrolls
 b - a scroll of acquirement {unknown}
 c - a scroll of noise {unknown}
 e - a scroll of butterflies {unknown}
 g - a scroll of revelation {unknown}
 k - a scroll of enchant weapon
 l - a scroll of amnesia {unknown}
 m - a scroll of immolation {unknown}
 n - a scroll of fog {unknown}
 r - a scroll of teleportation {unknown}
 t - a scroll of identify {unknown}
 u - a scroll of poison {unknown}
Potions
 j - 3 potions of brilliance
 o - a potion of mutation {unknown}
 q - a potion of berserk rage {unknown}
 s - a potion of attraction {unknown}
 v - a potion of heal wounds {unknown}


   Skills:
 + Level 6.2 Fighting
 - Level 2.1 Dodging
 - Level 1.5 Stealth
 - Level 4.0 Spellcasting
 - Level 4.0 Conjurations
 - Level 4.0 Hexes
 - Level 4.0 Summonings
 - Level 4.0 Necromancy
 - Level 4.0 Translocations
 - Level 4.0 Transmutations
 - Level 4.0 Fire Magic
 - Level 4.0 Ice Magic
 - Level 4.0 Air Magic
 - Level 4.0 Earth Magic
 - Level 4.0 Poison Magic


You knew the following spells:

 Your Spells              Type           Power      Damage    Failure   Level
a - Foxfire               Conj/Fire      72%        2x1d7     2%          1
b - Scorch                Fire           36%        2d7       4%          2
c - Volatile Blastmotes   Fire/Tloc      36%        2d13      9%          3
d - Inner Flame           Hex/Fire       18%        N/A       9%          3
e - Flame Wave            Conj/Fire      18%        2d7       28%         4
f - Freeze                Ice            72%        1d8       2%          1
g - Poisonous Vapours     Pois/Air       36%        N/A       4%          2
h - Ozocubu's Armour      Ice            18%        N/A       9%          3
Your spell library was empty.

Dungeon Overview and Level Annotations

Branches:
Dungeon (4/15)
 Temple: D:4-7

Altars:
Gozag


Innate Abilities, Weirdness & Mutations

You are immune to sickness and miasma.
You are immune to poison.
Your flesh is very heat resistant. (rF++)
You are vulnerable to cold. (rC-)
You float through the air rather than walking.
You learn spells naturally, not from books.
Your magical power is your life essence.
You have superior vitality. (+4 MHP)


Message History

The foxfire hits the adder!
You kill the adder!
Your foxfire dissipates!
Found a fizzy orange potion.
As you open the door, it creaks loudly!
Found 5 stones.
Found 2 potions of brilliance.
There is an open door here.
j - 3 potions of brilliance (gained 2)
You hear the quick rusting of a very distant drain.
You reach down and open the door.
There is an open door here.
Found a fizzy orange potion.
Found 8 stones.
An ogre comes into view. It is wielding a +0 giant club.
The ogre shouts!
The ogre hits you with a +0 giant club!!
Ouch! That really hurt!
You see here 8 stones.
The ogre misses you.
Casting: Foxfire (safe; 2% risk of failure)
Confirm with . or Enter, or press ? or * to list all spells.
Flames lash the ogre.
The ogre is moderately wounded.
The ogre's fire resistance burns away.
You need no library to learn spells.
Unknown command.
Casting: Scorch (safe; 4% risk of failure)
Confirm with . or Enter, or press ? or * to list all spells.
A film of ice covers your body!
* * * LOW HITPOINT WARNING * * *
The ogre barely misses you.
Casting: Ozocubu's Armour (dangerous; 9% risk of failure)
Confirm with . or Enter, or press ? or * to list all spells.
Flames lash the ogre.
The ogre is burned terribly!
The ogre is severely wounded.
* * * LOW HITPOINT WARNING * * *
The ogre hits you with a +0 giant club!!
You die...
Your body crumbles into a pile of gold.

####### #.. .....##.#
#.....# ### ##...##.#
#.###.# +....... #.#
#.# #...##.# #.# #.#
##.!.##'# #.# #.#
......... #.# #.# #
##....... #.# #(#.####.
#....... #.# #@O......
#....... #.#
###.#######....... #.#
.# #.......(... #.#
###!# #.#......... #.#
#... #.#.^.......
##.###.#####.#.....##..
#............'.....##..
######.......#.....##..
#########.....##..


You could see an ogre (combustible).

Vanquished Creatures
  A black bear (D:4)
  The ghost of gruber the Changeling, a weakling MfSh (D:3)
  A hound (D:4)
  An orc priest (D:4)
  A sleepcap (D:3)
  2 orc wizards (D:4)
  8 adders
  3 gnolls (D:2)
  A shadow imp (D:3)
  A white imp (D:3)
  3 worms
  4 dart slugs
  11 orcs
  7 ball pythons
  5 bats
  6 endoplasms
  6 giant cockroaches
  2 goblins
  8 hobgoblins
  4 jackals (D:1)
  4 quokkas
  3 frilled lizards
  11 kobolds
  5 rats
99 creatures vanquished.

Vanquished Creatures (others)
  400 foxfires
400 creatures vanquished.

Grand Total: 499 creatures vanquished

Notes
Turn   | Place    | Note
-------+----------+-------------------------------------------
     0 | D:1      | Crownlay the Djinni Fire Elementalist began the quest for
                  | the Orb.
     0 | D:1      | Crownlay set off with the following spells memorised:
                  | Foxfire, Scorch, Volatile Blastmotes, Inner Flame, Flame
                  | Wave.
     0 | D:1      | Reached XP level 1. HP: 15/15 MP: 0/0
    96 | D:1      | Reached skill level 1 in Fighting
    96 | D:1      | Reached XP level 2. HP: 22/22 MP: 0/0
   258 | D:1      | Reached skill level 2 in Fighting
   272 | D:1      | Reached XP level 3. HP: 25/28 MP: 0/0
   272 | D:1      | Learned a level 1 spell: Freeze
   927 | D:2      | Reached XP level 4. HP: 24/34 MP: 0/0
  1428 | D:2      | Reached skill level 3 in Fighting
  2001 | D:3      | Reached XP level 5. HP: 27/40 MP: 0/0
  2001 | D:3      | Learned a level 2 spell: Poisonous Vapours
  2137 | D:3      | Found a runed translucent gate.
  2137 | D:3      | Found a runed translucent gate.
  2137 | D:3      | Found a runed translucent gate.
  2139 | D:3      | Found an opulent altar of Gozag.
  2143 | D:3      | Noticed gruber's ghost (weakling MfSh)
  2229 | D:3      | Killed gruber's ghost
  2406 | D:3      | Became a worshipper of Gozag Ym Sagoz the Greedy
  2435 | D:3      | Reached XP level 6. HP: 45/47 MP: 0/0
  2481 | D:3      | Reached skill level 4 in Fighting
  3376 | D:4      | Noticed a black bear
  3381 | D:4      | Killed a black bear
  3382 | D:4      | Reached skill level 5 in Fighting
  3382 | D:4      | Reached XP level 7. HP: 35/54 MP: 0/0
  3382 | D:4      | Learned a level 3 spell: Ozocubu's Armour
  3576 | D:4      | Identified the +1 robe of Resourcefulness {rElec rPois rC-
                  | Slay+3}
  3632 | D:4      | Reached skill level 6 in Fighting
  3846 | D:4      | Mangled by an ogre

Illustrated notes

Levels and vault maps discovered:
D:1:      dpeg_arrival_brainrot, layout_loops_ring
D:2:      layout_basic, serial_rivers, chequers_serial_rivers_small_3,
          chequers_serial_rivers_micro_c, chequers_serial_rivers_marsh,
          chequers_serial_rivers_micro_c, chequers_serial_rivers_small_a
D:3:      minmay_thinvault, layout_basic, ebering_ghost_gozag
D:4:      layout_basic, cheibrodos_sewer_entry_bend, uniq_blork_the_orc

Skill      XL: |  1  2  3  4  5  6  7 |
---------------+----------------------+-----
Spellcasting   | 4 |  4.0
Conjurations   | 4 |  4.0
Hexes          | 4 |  4.0
Summonings     | 4 |  4.0
Necromancy     | 4 |  4.0
Translocations | 4 |  4.0
Transmutations | 4 |  4.0
Fire Magic     | 4 |  4.0
Ice Magic      | 4 |  4.0
Air Magic      | 4 |  4.0
Earth Magic    | 4 |  4.0
Poison Magic   | 4 |  4.0
Fighting       | 1 2 3 5 6 |  6.2
Dodging        | |  2.1
Stealth        | |  1.5

Action                     |  1- 3 |  4- 6 |  7- 9 || total
---------------------------+-------+-------+-------++-------
  Melee: Unarmed           |     2 |       |       ||     2
         Spear             |       |    11 |     5 ||    16
   Cast: Foxfire           |    70 |   146 |    23 ||   239
         Scorch            |     4 |    18 |     4 ||    26
         Poisonous Vapours |       |     1 |       ||     1
         Flame Wave        |       |     4 |     3 ||     7
         Inner Flame       |       |       |     2 ||     2
         Ozocubu's Armour  |       |       |     1 ||     1
    Use: Scroll            |       |     1 |       ||     1
         Potion            |       |       |     1 ||     1
 Armour: Robe              |     9 |     5 |     4 ||    18
  Dodge: Dodged            |     7 |    28 |    10 ||    45

Table legend: (Time is in decaauts)
 A = Elapsed time spent in this place.
 B = Non-inter-level travel time spent in this place.
 C = Inter-level travel time spent in this place.
 D = Time resting spent in this place.
 E = Time spent auto-exploring this place.
 F = Levels seen in this place.
 G = Mean time per level.
                   A        B        C        D        E       F      G
               +--------+--------+--------+--------+--------+-----+--------+
         Total |   3846 |   3707 |    139 |      0 |   2798 |   4 |  961.5 |
       Dungeon |   3846 |   3707 |    139 |      0 |   2798 |   4 |  961.5 |
               +--------+--------+--------+--------+--------+-----+--------+

Top non-repeatable levels by time:
     D:3: 1372 daAuts
     D:2: 1109 daAuts
     D:1: 864 daAuts
     D:4: 500 daAuts
